 Dungeon Crawl Stone Soup version 0.17.0-7-gfadd4cc (webtiles) character file.

31 dorian the Unweaver (level 3, -4/29 HPs)
             Began as a Demonspawn Abyssal Knight on Nov 8, 2015.
             Was a Follower of Lugonu.
             Slain by a worm (10 damage)
             ... on level 2 of the Dungeon.
             The game lasted 00:01:32 (678 turns).

dorian the Unweaver (Demonspawn Abyssal Knight)      Turns: 678, Time: 00:01:32

Health: -4/29      AC:  4    Str: 13    XL:     3   Next: 7%
Magic:  5/5        EV: 11    Int: 13    God:    Lugonu [*.....]
Gold:   42         SH:  0    Dex: 12    Spells: 0 memorised, 2 levels left

rFire  . . .     SeeInvis .     a - +1 hand axe
rCold  . . .     Clarity  .     b - +0 leather armour
rNeg   . . .     SustAt   .     (no shield)
rPois  .         Gourm    .     f - +0 helmet
rElec  .         Spirit   .     (no cloak)
rCorr  .         Warding  .     (no gloves)
rMut   .         Stasis   .     (no boots)
MR     .....                    (no amulet)
Stlth  ++........               (no ring)
                                j - ring of stealth

@: not resistant to hostile enchantments, unstealthy
A: powered by death 1
a: Depart the Abyss, Renounce Religion


You were on level 2 of the Dungeon.
You worshipped Lugonu.
Lugonu was aware of your devotion.
You were not hungry.

You visited 1 branch of the dungeon, and saw 2 of its levels.
You visited the Abyss 1 time.

You collected 42 gold pieces.

Inventory:

Hand Weapons
 a - a +1 hand axe (weapon)
Armour
 b - a +0 leather armour (worn)
 f - a +0 helmet (worn)
Jewellery
 j - a ring of stealth (left hand)
Scrolls
 e - a scroll of blinking {unknown}
 g - 2 scrolls of teleportation {unknown}
 i - 3 scrolls of magic mapping {unknown}
 l - 4 scrolls of identify {unknown}
 q - a scroll of random uselessness {unknown}
 r - a scroll of fear {unknown}
Potions
 d - a potion of ambrosia {unknown}
 h - 3 potions of brilliance {unknown}
 k - a potion of curing {unknown}
 n - a potion of agility {unknown}
 p - a potion of resistance {unknown}
Comestibles
 c - 3 bread rations
 m - a chunk of flesh
 o - a meat ration


   Skills:
 - Level 3.0 Fighting
 + Level 2.1 Axes
 + Level 2.4 Armour
 - Level 0.8 Dodging
 * Level 3.4 Invocations


You had 2 spell levels left.
You didn't know any spells.

Dungeon Overview and Level Annotations

Branches:
Dungeon (2/15)

Altars:
Ashenzari
Okawaru


Innate Abilities, Weirdness & Mutations

You regenerate a little health from kills.


Message History

A worm comes into view.
You hit the worm.
The worm is severely wounded.
The worm bites you.
The worm moves out of view.
You hit the worm.
The worm is severely wounded.
You hit the worm but do no damage.
The worm is severely wounded.
The worm barely misses you.
You hit the worm.
The worm is almost dead.
The worm bites you!
* * * LOW HITPOINT WARNING * * *
You are too injured to fight recklessly!
You are too injured to fight recklessly!
You are too injured to fight recklessly!
You hit the worm.
The worm is almost dead.
The worm bites you!
You die...

.... . .... .. #...
.### . ##..##... ..
###......# .#
........# .#
###.##w#.#.######.#
#......@....>.##..#
######........##.###
##...........%...#
#..##...)......#.#####
###.#
#.).....#...†.....
##.#.#
#......%##.##.....
##....# #.......#..#
####
##.....######..###>##
#.......## ##.##..#


You could see a worm.

Vanquished Creatures
  An adder (D:2)
  A giant gecko (D:2)
  2 bats
  A giant cockroach (D:1)
  3 goblins
  4 hobgoblins
  4 kobolds (D:1)
  2 rats
18 creatures vanquished.

Notes
Turn   | Place    | Note
--------------------------------------------------------------
     0 | Abyss:1  | dorian the Demonspawn Abyssal Knight began the quest for the Orb.
     0 | Abyss:1  | Reached XP level 1. HP: 18/18 MP: 2/2
    32 | Abyss:1  | Found a corrupted altar of Lugonu.
    34 | Abyss:1  | Found a corrupted altar of Lugonu.
    35 | D:1      | Escaped the Abyss
    95 | D:1      | Reached * piety under Lugonu
   135 | D:1      | Gained mutation: You regenerate a little health from kills. [demonic ancestry]
   135 | D:1      | Reached XP level 2. HP: 24/24 MP: 4/4
   290 | D:1      | Found a shattered altar of Ashenzari.
   375 | D:1      | You fall through a shaft!
   375 | D:2      | Found an iron altar of Okawaru.
   639 | D:2      | Reached XP level 3. HP: 29/29 MP: 5/5
   678 | D:2      | Slain by a worm

Action                   || total
-------------------------++-------
Melee: Hand axe          ||    71
Invok: Depart the Abyss  ||     1
 Stab: Sleeping          ||     1
